 Dungeon Crawl Stone Soup version 0.32-a0-7-ge934b4519a (webtiles) character file.

Game seed: 4378345006808017393

111 miscthings the Changeling (level 4, -3/41 HPs)
             Began as an Oni Shapeshifter on Jan 14, 2024.
             Slain by a sleepcap (17 damage)
             ... on level 3 of the Dungeon.
             The game lasted 00:02:15 (1757 turns).

miscthings the Changeling (Oni Shapeshifter)        Turns: 1757, Time: 00:02:15

Health: -3/41      AC:  3    Str: 18    XL:     4   Next: 92%
Magic:  4/4        EV:  1    Int: 11    God:
Gold:   172        SH:  0    Dex: 10    Spells: 3/3 levels left

rFire   . .          .
                       - Unarmed
rCold   . . .        (no shield)
rNeg    . . .        a - +0 animal skin
rPois   .            (helmet currently unavailable)
rElec   .            (cloak currently unavailable)
rCorr   .            (gloves unavailable)
SInv    .            (boots unavailable)
Will    .....        (no amulet)
Stlth   +            (no ring)
HPRegen 0.26/turn    (no ring)
MPRegen 0.09/turn

%: no passive effects
@: beast-form, sleeping
A: beast (slay +2), large, unfitting armour, horns 1, tough skin 1, double
potion healing, drunken brawling
a: Begin Untransformation


You were on level 3 of the Dungeon.
You were a hulking beast.
You visited 1 branch of the dungeon, and saw 3 of its levels.

You collected 172 gold pieces.

Inventory:

Missiles
 e - 2 javelins (quivered)
Armour
 a - a +0 animal skin (worn)
Talismans
 c - a beast talisman
 d - a flux talisman
 p - a serpent talisman
Scrolls
 f - a scroll of fog {unknown}
 h - a scroll of identify {unknown}
 i - a scroll of enchant weapon {unknown}
 l - a scroll of teleportation {unknown}
 n - a scroll of fear {unknown}
 r - a scroll of noise {unknown}
Potions
 b - a potion of lignification
 g - a potion of heal wounds {unknown}
 j - 2 potions of attraction {unknown}
 k - a potion of ambrosia {unknown}
 m - a potion of curing {unknown}
 o - a potion of enlightenment {unknown}
 q - a potion of brilliance {unknown}


   Skills:
 - Level 1.3 Fighting
 - Level 1.7 Dodging
 - Level 2.6 Unarmed Combat
 + Level 5.1 Shapeshifting


You had 3 spell levels left.
You didn't know any spells.
Your spell library contained the following spells:

 Spells                   Type           Power      Damage    Failure   Level
 Apportation              Tloc           0%         N/A       34%         1
 Necrotise                Necr           0%         1d4       34%         1
 Slow                     Hex            0%         N/A       34%         1
 Sting                    Conj/Alch      0%         1d3       34%         1
 Summon Small Mammal      Summ           0%         N/A       34%         1
 Confusing Touch          Hex            0%         N/A       71%         3
 Sigil of Binding         Hex            0%         N/A       71%         3
 Vampiric Draining        Necr           0%         2d6       71%         3


Dungeon Overview and Level Annotations

Branches:
Dungeon (3/15)

Altars:

Shops:
D:1 !


Innate Abilities, Weirdness & Mutations

You are a hulking beast.
Your limbs bulge with bestial killing power. (Slay +2)
You are too large for most types of armour.
You have a pair of small horns on your head.
You have tough skin. (AC +1)
You gain doubled healing and magic from potions.
Whenever you drink a healing potion, you attack all around you.


Message History

An orc is nearby!
The orc shouts!
The orc completely misses you.
You hit the orc.
The orc is almost dead.
The orc hits you with a +0 whip.
You hit the orc.
You kill the orc!
You see here a +0 whip.
No target in view!
You open the door.
A sleepcap comes into view.
Found a stone staircase leading down.
A sleepcap is nearby!
A sleepcap is nearby!
A rat comes into view.
There is an open door here.
The rat squeaks loudly.
The sleepcap releases spores at you.
You are engulfed in a cloud of soporific spores!
You fall asleep.
The sleepcap releases spores at you!
You wake up.
You are engulfed in a cloud of soporific spores!
You are unaffected.
You hit the sleepcap.
The sleepcap is lightly damaged.
The sleepcap releases spores at you!
There is an open door here.
You see here a +0 whip.
You hit the sleepcap but do no damage.
The sleepcap is lightly damaged.
The sleepcap barely misses you.
You hit the sleepcap.
The sleepcap is moderately damaged.
The sleepcap releases spores at you.
You are engulfed in a cloud of soporific spores!
You fall asleep.
The sleepcap completely misses you. The sleepcap releases spores at you!
You die...

#.#.###.# #.#.#
#.# ##.#.###.#
.......#.#
#.......#
#...###.#####...
#.#.# #.........
#...###.#####.##
###.h..##
##f#### ##...##
#.....#
#.......#
#.........#
+....>....+
#.........#
##.......##


You could see a sleepcap.

Vanquished Creatures
  An orc priest (D:3)
  2 adders (D:3)
  A dart slug (D:1)
  A ribbon worm (D:3)
  5 orcs (D:3)
  7 bats
  2 endoplasms
  2 giant cockroaches (D:2)
  8 goblins
  4 hobgoblins
  3 jackals (D:3)
  4 ball pythons
  3 frilled lizards
  8 kobolds
51 creatures vanquished.

Notes
Turn   | Place    | Note
-------+----------+-------------------------------------------
     0 | D:1      | miscthings the Oni Shapeshifter began the quest for the
                  | Orb.
     0 | D:1      | Reached XP level 1. HP: 19/19 MP: 1/1
    22 | D:1      | Found Gamuan's Distillery.
   128 | D:1      | Reached XP level 2. HP: 23/27 MP: 2/2
   426 | D:1      | Reached XP level 3. HP: 29/33 MP: 3/3
   501 | D:1      | Reached skill level 4 in Shapeshifting
  1479 | D:3      | Reached XP level 4. HP: 38/41 MP: 4/4
  1518 | D:3      | Reached skill level 5 in Shapeshifting
  1757 | D:3      | Slain by a sleepcap

Illustrated notes

Levels and vault maps discovered:
D:1:      wander_arrival_estate, layout_loops_cross, serial_shops,
          nicolae_shop_tiny_statue_garden
D:2:      layout_basic
D:3:      layout_loops_corners, fedhas_altar_4

Skill      XL: |  1  2  3  4 |
---------------+-------------+-----
Shapeshifting  | 4 5 |  5.1
Fighting       | |  1.3
Dodging        | |  1.7
Unarmed Combat | |  2.6

Action                     |  1- 3 |  4- 6 || total
---------------------------+-------+-------++-------
  Melee: Unarmed           |   102 |    31 ||   133
         Headbutt          |    10 |     4 ||    14
         Punch             |       |     1 ||     1
   Stab: Distracted        |     1 |       ||     1
 Armour: Animal skin       |    85 |    13 ||    98
  Dodge: Dodged            |    56 |    13 ||    69

Table legend: (Time is in decaauts)
 A = Elapsed time spent in this place.
 B = Non-inter-level travel time spent in this place.
 C = Inter-level travel time spent in this place.
 D = Time resting spent in this place.
 E = Time spent auto-exploring this place.
 F = Levels seen in this place.
 G = Mean time per level.
                   A        B        C        D        E       F      G
               +--------+--------+--------+--------+--------+-----+--------+
         Total |   1750 |   1722 |     28 |    213 |   1165 |   3 |  583.3 |
       Dungeon |   1750 |   1722 |     28 |    213 |   1165 |   3 |  583.3 |
               +--------+--------+--------+--------+--------+-----+--------+

Top non-repeatable levels by time:
     D:3: 620 daAuts
     D:2: 590 daAuts
     D:1: 539 daAuts
